Map: Ultralove

Players

aprix

  • Race: Zerg Zerg
  • League: Gold
  • Spawn Location: 1:00

llllllllllll - Winner!

  • Race: Terran Terran
  • League: Silver
  • Spawn Location: 7:00

VOD

Have the link to the VOD?

Description

Time

  • Played on: April 24, 2025, 10:17 a.m.
  • Length: 4:08
Show
View Real Time Build Order
Export as new Build Order

aprix Zerg 

Build Orders: Hatch First 

Get SALT Encoding   

  12  0:00  Drone  
  13  0:12  Overlord  
  13  0:16  Drone  
  14  0:30  Drone x2  
  14  0:35  Drone  
  17  0:48  Hatchery  
  16  0:54  Drone  
  17  0:57  Extractor  
  16  1:08  Spawning Pool  
  15  1:12  Drone  
  15  1:14  Drone  
  17  1:23  Drone  
  18  1:29  Drone  
  19  1:40  Drone  
  20  1:53  Overlord  
  20  2:01  Queen  
  20  2:06  Metabolic Boost  
  24  2:15  Zergling x2  
  25  2:16  Zergling x4  
  25  2:18  Zergling x2  
  28  2:25  Zergling x4  
  30  2:31  Spine Crawler  
  25  2:38  Zergling x4  
  26  2:51  Zergling x4  
  24  2:57  Zergling x4  
  24  3:04  Zergling x2  
  23  3:12  Zergling x6  
  23  3:13  Zergling x2  
  17  3:27  Zergling x2  
  15  3:35  Zergling x2  
  15  3:43  Zergling x2  
Show
View Real Time Build Order
Export as new Build Order

llllllllllll Terran - Winner!

Build Orders:  

Get SALT Encoding   

  12  0:00  SCV  
  13  0:12  SCV  
  14  0:18  Supply Depot  
  14  0:24  SCV  
  15  0:43  Barracks  
  15  0:53  Barracks  
  15  1:06  Barracks  
  15  1:30  Marine  
  15  1:31  Barracks  
  16  1:40  Marine  
  16  1:41  Supply Depot  
  17  1:48  Marine  
  17  1:53  Marine  
  19  1:57  Marine  
  20  2:05  Marine  
  21  2:10  Marine  
  22  2:15  Marine  
  22  2:18  Marine  
  24  2:23  Marine  
  24  2:28  Marine  
  26  2:33  Marine  
  26  2:36  Marine  
  28  2:41  Marine  
  29  2:46  Marine  
  29  2:51  Marine  
  26  2:54  Marine  
  27  2:59  Marine  
  27  3:04  Marine  
  27  3:09  Marine  
  27  3:11  Marine  
  27  3:17  Marine  
  24  3:22  Marine  
  24  3:27  Marine  
  24  3:29  Marine  
  20  3:34  Marine  
  20  3:39  Marine  
  20  3:44  Marine  
  20  3:47  Marine  
Tags
 
Matchup
TvZ
Replay Pack
kreditionep1
Spawn Locations
Cross Positions
Add a new tag
Caveats
  • Supply blocks, unpowered buildings, or Contaminate may cause inaccurate times.
  • Supply counts are checked every 10 seconds.